 Dungeon Crawl Stone Soup version 0.22-a0-93-g6b88ebb (webtiles) character file.

156 Amnesiac the Conjurer (level 5, -7/33 HPs)
             Began as a Gargoyle Conjurer on Jan 23, 2018.
             Killed from afar by anet's ghost (10 damage)
             ... with a magic dart
             ... on level 4 of the Dungeon.
             The game lasted 00:04:51 (3022 turns).

Amnesiac the Conjurer (Gargoyle Conjurer)           Turns: 3022, Time: 00:04:52

Health: -7/33      AC:  6    Str: 12    XL:     5   Next: 37%
Magic:  0/18       EV: 12    Int: 16    God:
Gold:   111        SH:  0    Dex: 10    Spells: 3/10 levels left

rFire    . . .     SeeInvis .   (no weapon)
rCold    . . .     Gourm    .   (no shield)
rNeg     + . .     Faith    .   a - +0 robe
rPois    ∞         Spirit   .   (no helmet)
rElec    +         Reflect  .   (no cloak)
rCorr    .         Harm     .   (no gloves)
MR       .....                  (no boots)
Stlth    +.........             (no amulet)
HPRegen  0.11/turn              n - ring of magical power
MPRegen  0.16/turn              j - ring of loudness (curse)

@: very slightly contaminated
A: negative energy resistance 1, electricity resistance, unbreathing,
petrification resistance, rot immunity, AC +4
a: no special abilities


You were on level 4 of the Dungeon.
You were not hungry.

You visited 1 branch of the dungeon, and saw 4 of its levels.

You collected 111 gold pieces.

Inventory:

Missiles
 i - 127 stones (quivered)
Armour
 a - a +0 robe (worn)
Jewellery
 j - a cursed ring of loudness (right hand)
 n - a ring of magical power (left hand)
 p - an uncursed amulet of faith {unknown}
Scrolls
 e - a scroll of amnesia {!r, unknown}
 f - 5 scrolls of identify {!r, unknown}
 g - 3 scrolls of teleportation {!r, unknown}
 o - a scroll of remove curse {!r, unknown}
Potions
 d - a potion of curing {!q, unknown}
 h - a potion of mutation {!q, unknown}
 k - 2 potions of lignification {!q, unknown}
 m - a potion of haste {!q, unknown}
 q - a potion of invisibility {!q}
Books
 b - a book of Conjurations

   Spells                             Type                      Level
   a - Magic Dart                     Conjuration                  1
   b - Searing Ray                    Conjuration                  2
   c - Dazzling Spray                 Conjuration/Hexes            3
   d - Fulminant Prism                Conjuration/Hexes            4
   e - Force Lance                    Conjuration/Translocation    4
   f - Iskenderun's Mystic Blast      Conjuration                  4
Comestibles
 c - 16 rations
 l - a chunk of flesh


   Skills:
 * Level 3.6 Fighting
 - Level 1.5 Dodging
 - Level 2.1 Stealth
 + Level 3.0 Spellcasting
 + Level 5.2 Conjurations


You had 3 spell levels left.
You knew the following spells:

 Your Spells              Type           Power        Failure   Level  Hunger
a - Searing Ray           Conj           ###...       3%          2    ##.....
b - Magic Dart            Conj           ###.         2%          1    #......
d - Iskenderun's Mystic   Conj           ###.....     22%         4    #####..


Dungeon Overview and Level Annotations

Branches:
Dungeon (4/15)
 Temple: D:4-7

Altars:
Cheibriados
Trog
Uskayaw

Annotations:
D:4 anet's ghost, amateur DEWz


Innate Abilities, Weirdness & Mutations

You are resistant to torment.
Your stone body is resilient. (AC +4)
You are immune to poison.
You resist negative energy. (rN+)
You are resistant to electric shocks. (rElec)
You can survive without breathing.
You are immune to petrification.
You are immune to rotting.


Message History

Casting: Iskenderun's Mystic Blast
Confirm with . or Enter, or press ? or * to list all spells.
Aiming: Searing Ray
Press: ? - help, Shift-Dir - straight line, f/p - anet's ghost
Aim: anet's ghost (severely damaged)
The searing ray hits anet's ghost.
Anet's ghost is almost destroyed. (Press . to maintain the ray.) Anet's ghost whispers, "Death is liberation."
Anet's ghost points at you and mumbles some strange words.
The magic dart hits you!
The searing ray misses anet's ghost.
Anet's ghost barely misses you.
The searing ray misses anet's ghost.
Anet's ghost casts a spell at you. The magic dart hits you!
A scorpion comes into view.
The searing ray hits anet's ghost.
Anet's ghost is almost destroyed.
You finish channeling your searing ray.
Anet's ghost hits you but does no damage.
The scorpion moves out of view.
Casting: Searing Ray
Confirm with . or Enter, or press ? or * to list all spells.
Aiming: Searing Ray
Press: ? - help, Shift-Dir - straight line, f/p - anet's ghost
Aim: anet's ghost (almost destroyed)
The searing ray hits anet's ghost.
Anet's ghost is almost destroyed. (Press . to maintain the ray.) Anet's ghost hits you.
* * * LOW HITPOINT WARNING * * *
Anet's ghost casts a spell.
Anet's ghost blinks!
You hit anet's ghost but do no damage.
Anet's ghost is almost destroyed.
Anet's ghost casts a spell.
Anet's ghost blinks!
Anet's ghost gestures at you while chanting.
The magic dart hits you!
* * * LOW HITPOINT WARNING * * *
Found 14 gold pieces.
Anet's ghost casts a spell at you. The magic dart hits you!
* * * LOW HITPOINT WARNING * * *
Casting: Searing Ray
Confirm with . or Enter, or press ? or * to list all spells.
You don't have enough magic to cast that spell.
Casting: Searing Ray
Confirm with . or Enter, or press ? or * to list all spells.
Okay, then.
Unknown command.
Casting: Searing Ray
Confirm with . or Enter, or press ? or * to list all spells.
Aiming: Magic Dart
Press: ? - help, Shift-Dir - straight line, f/p - anet's ghost
Aim: anet's ghost (almost destroyed)
The magic dart hits anet's ghost.
Anet's ghost is almost destroyed.
Unknown command.
You closely miss anet's ghost.
Anet's ghost is almost destroyed.
Anet's ghost points at you and mumbles some strange words.
The magic dart hits you!
You die...

#.....##
####...## #
##...# .###.
#..#.# .....##
#.##.## .$...
#### #.##..##
...
..###.###..#
#W###.##..#
#.#
#.@>#<##.##
#.#
###.#....##
#.#
#s####..####.#
#..# #.....#.#
##.###.###...#
#>.##.# ##.<##
##.#..# #...##
###...##
#....# #....##
###..#


You could see a scorpion and anet's ghost.

Vanquished Creatures
  A hound (D:4)
  Jessica (D:2)
  5 adders
  An ooze (D:2)
  2 worms
  A dart slug (D:2)
  A leopard gecko (D:2)
  An orc (D:3)
  2 giant cockroaches
  10 goblins
  2 hobgoblins
  6 kobolds
  7 bats
  A frilled lizard (D:3)
  8 rats
49 creatures vanquished.

Notes
Turn   | Place    | Note
-------+----------+-------------------------------------------
     0 | D:1      | Amnesiac the Gargoyle Conjurer began the quest for the Orb.
     0 | D:1      | Reached XP level 1. HP: 10/10 MP: 3/3
   704 | D:2      | Reached skill level 1 in Fighting
   707 | D:2      | Reached XP level 2. HP: 16/16 MP: 0/5
   919 | D:2      | Found a bloodstained altar of Trog.
   994 | D:2      | Reached XP level 3. HP: 21/21 MP: 2/6
   998 | D:2      | Learned a level 2 spell: Searing Ray
  1152 | D:2      | Found a hide-covered altar of Uskayaw.
  1245 | D:2      | Noticed Jessica
  1281 | D:2      | Killed Jessica
  1281 | D:2      | Reached XP level 4. HP: 27/27 MP: 3/7
  1742 | D:2      | Reached skill level 5 in Conjurations
  2088 | D:3      | You fall through a shaft!
  2097 | D:4      | Reached XP level 5. HP: 32/32 MP: 0/9
  2163 | D:4      | Learned a level 4 spell: Iskenderun's Mystic Blast
  2423 | D:3      | Found a snail-covered altar of Cheibriados.
  3001 | D:4      | Noticed anet's ghost (amateur DEWz)
  3022 | D:4      | Killed from afar by anet's ghost

Vault maps used:
D:1:      lightli_arrival_noodles, serial_park_tiny_pond, serial_park_tiny_2
D:2:      nicolae_overflow_crystal_walls, nicolae_overflow_hidden_temple,
          serial_forest, infiniplex_forest_lined_2, infiniplex_forest_lined_3,
          infiniplex_forest_diagonal, infiniplex_forest_straight_3,
          infiniplex_forest_clump_long, uniq_jessica
D:3:      overflow_temple_1_default
D:4:      grunt_dithmenos_shadows, kennysheep_little_box, first_ration,
          uniq_natasha

Skill      XL: |  1  2  3  4  5 |
---------------+----------------+-----
Fighting       | 1 2 3 |  3.6
Conjurations   | 5 |  5.2
Spellcasting   | 3 |  3.0
Dodging        | |  1.5
Stealth        | |  2.1

Action                   |  1- 3 |  4- 6 || total
-------------------------+-------+-------++-------
Melee: Unarmed           |       |     3 ||     3
 Cast: Magic Dart        |    27 |     1 ||    28
       Searing Ray       |     5 |    32 ||    37
       Iskenderun's Myst |       |     1 ||     1
  Eat: Chunk             |     2 |     7 ||     9
Armor: Robe              |     3 |    11 ||    14
Dodge: Dodged            |     7 |     8 ||    15

Table legend:
 A = Spawn XP
 B = Non-spawn XP
 C = Spawn XP percentage of total XP
 D = Spawn monster count
 E = Non-spawn monster count
 F = Spawn count percentage of total count
 G = Total turns spent on level
                    A         B        C        D         E        F      G
               +---------+---------+-------+---------+---------+-------+---------
         Total |       0 |     223 |   0.0 |       0 |      49 |   0.0 |  3022
               +---------+---------+-------+---------+---------+-------+---------
           D:1 |       0 |       8 |   0.0 |       0 |       7 |   0.0 |   684
           D:2 |       0 |     120 |   0.0 |       0 |      23 |   0.0 |  1355
           D:3 |       0 |      55 |   0.0 |       0 |      18 |   0.0 |   801
           D:4 |       0 |      40 |   0.0 |       0 |       1 |   0.0 |   182
               +---------+---------+-------+---------+---------+-------+---------
